cohdb
Replays
Latest Replays
All Replays
Popular Replays
Top Player Replays
Match Explorer
How It Works
Community
CoH3 Stats
Reddit
Sign in to upload your games and track your stats! →
Sign in with Steam
Match 41560372
Unlisted
Match 41560372
Overview
Messages
Build Orders
End
Selects Italian Combined Arms Battlegroup
Selects Bersaglieri Squad
Bersaglieri Squad
250 Light Carrier
Bersaglieri Squad
Construct Light Support Kompanie
Combat Half-tracks
Selects Bersaglieri Bolster
2.5-tonne Medical Truck
Bersaglieri Squad
Construct Mechanized Kompanie
Selects Breda Model 30 Light Machine Guns
Forward Retreat Point
Construct Panzerarmee Kommand
Selects Semovente da 75/18 Assault Gun
Selects Strafing Run
Strafing Run
Panzer III L Medium Tank
Panzer III L Medium Tank
Strafing Run
Hauptmann
嫂子开门我是我哥
皮皮
子清
Yudachi
埃琳喵
goodgame
xzh
0
0
Comments
sign in to comment!
No comments posted yet!